 Dungeon Crawl Stone Soup version 0.30-b1-2-g02819fbbbe (webtiles) character file.

Game seed: 12477036775556484548

16034 Dirian the Fencer (level 12, -12/153 (177) HPs)
             Began as a Minotaur Berserker on May 8, 2023.
             Was a High Priest of Trog.
             Mangled by a spectral orc knight
             ... wielding a +0 great mace
             ... summoned by Nergalle
              (13 damage)
             ... on level 11 of the Dungeon.
             The game lasted 00:15:17 (9729 turns).

Dirian the Fencer (Minotaur Berserker)              Turns: 9729, Time: 00:15:18

HP:   -12/153 (177) AC: 29    Str: 33    XL:     12   Next: 6%
MP:   11/11         EV: 15    Int:  4    God:    Trog [*****.]
Gold: 698           SH:  0    Dex: 12    Spells: 11/11 levels left

rFire   . . .        f - +2 scimitar (drain)
rCold   . . .        (no shield)
rNeg    . . .        I - +18 Lear's hauberk
rPois   .            (helmet currently unavailable)
rElec   .            (no cloak)
rCorr   +            (gloves currently unavailable)
SInv    .            (boots currently unavailable)
Will    .....        o - amulet of faith Stlth
                     d - ring "Jonis" {rCorr Str+6 Dex+2}
HPRegen 0.45/turn    l - +5 ring of evasion
MPRegen 0.12/turn

%: faith
@: berserking, lethally poisoned (-12 -> -18), heavily drained, very quick
A: horns 2, retaliatory headbutt
a: Renounce Religion, Berserk, Trog's Hand, Brothers in Arms


You were on level 11 of the Dungeon.
You worshipped Trog.
Trog was extremely pleased with you.
You visited 1 branch of the dungeon, and saw 11 of its levels.

You collected 698 gold pieces.

Inventory:

Hand Weapons
 f - a +2 scimitar of draining (weapon)
 k - the +4 falchion of the Swamp {freeze, rCorr Dex+2 SInv Stlth-}
   (You found it on level 2 of the Dungeon)

   Dex:       It affects your dexterity (+2).
   SInv:      It lets you see invisible.
   rCorr:     It protects you from acid and corrosion.
   Stlth:     It makes you less stealthy.
 m - a +0 double sword
 F - a +0 morningstar of freezing
Missiles
 z - 2 throwing nets (quivered)
Armour
 c - a +0 pair of boots
 D - a +0 chain mail
 I - the +18 Lear's hauberk (worn)
   (You found it on level 10 of the Dungeon)
Jewellery
 d - the ring "Jonis" (left hand) {rCorr Str+6 Dex+2}
   (You acquired it on level 3 of the Dungeon)

   [ring of strength]

   Str:       It affects your strength (+6).
   Dex:       It affects your dexterity (+2).
   rCorr:     It protects you from acid and corrosion.
 i - a ring of fire
 l - a +5 ring of evasion (right hand)
 o - an amulet of faith (around neck)
 H - a ring of protection from fire
Wands
 g - a wand of polymorph (7)
 j - a wand of paralysis (10)
 v - a wand of digging (6)
 w - a wand of light (20)
 C - a wand of flame (12)
Scrolls
 e - 3 scrolls of fear
 h - 5 scrolls of vulnerability
 r - 2 scrolls of identify
 t - 2 scrolls of teleportation
 x - a scroll of enchant armour
 J - a scroll of immolation {unknown}
Potions
 a - 3 potions of brilliance
 b - a potion of cancellation {unknown}
 n - a potion of resistance
 p - 2 potions of degeneration {unknown}
 q - 3 potions of curing
 s - 2 potions of lignification
 u - 3 potions of might {unknown}
 y - a potion of ambrosia {unknown}
 A - 3 potions of attraction {unknown}
 B - a potion of berserk rage {unknown}
 G - a potion of flight {unknown}
Miscellaneous
 E - a phial of floods


   Skills:
 + Level 14.9 Fighting
 - Level 16.0 Long Blades
 - Level 10.0 Armour
 - Level 2.1 Dodging
 + Level 0.4 Evocations


You had 11 spell levels left.
You didn't know any spells.
Your spell library was empty.

Dungeon Overview and Level Annotations

Branches:
Dungeon (11/15) Zot: 26512  Temple (0/1) D:5            Lair (0/5) D:8
    Orc (0/2) D:9

Altars:
Ashenzari
Cheibriados
Dithmenos
Hepliaklqana
Kikubaaqudgha
Makhleb
Nemelex Xobeh
Uskayaw
Vehumet
Wu Jian
Yredelemnul
Zin

Shops:
D:6 [   D:10 :

Portals:
Trove: D:10 (give 9 potions of haste)

Annotations:
D:8 3 runed translucent doors, exclusion: ice statue, Rayvis's ghost, novice MiFi
D:11 Nergalle


Innate Abilities, Weirdness & Mutations

You have a pair of horns on your head.
You reflexively headbutt those who attack you in melee.


Message History

You feel a bit more experienced.
You feel very sick.
The spectral orc knight closely misses you.
You furiously retaliate!
You headbutt the spectral orc knight!
The spectral orc knight hits you but does no damage.
The spectral orc knight hits you with a +0 great mace!
You feel drained.
You feel very sick. Nergalle barely misses you.
The spectral orc knight hits you but does no damage.
Items here: )) [[.
You hit Nergalle but do no damage.
You feel very sick. Nergalle hits you but does no damage.
The spectral orc knight hits you with a +0 battleaxe.
You feel drained.
The spectral orc knight hits you with a +0 great mace!
* * * LOW HITPOINT WARNING * * *
You feel drained.
* * * LOW HITPOINT WARNING * * *
The spectral orc knight closely misses you.
You slash Nergalle! You drain Nergalle.
You headbutt Nergalle, but do no damage.
Nergalle is moderately wounded.
You feel sick. Nergalle hits you but does no damage.
The spectral orc knight closely misses you.
The spectral orc knight hits you but does no damage.
You hit Nergalle.
Nergalle is moderately wounded.
You feel sick.
The spectral orc knight barely misses you.
A red film seems to cover your vision as you go berserk!
You feel yourself moving faster!
You feel mighty!
You feel very sick. Nergalle casts a spell at you.
The bolt of negative energy hits you!!
You feel drained.
* * * LOW HITPOINT WARNING * * *
The spectral orc knight hits you but does no damage.
The spectral orc knight hits you with a +0 great mace!
You die...

### #.. #.. #.. #). #..
######################..
.......)Z...............
.......@Z.......###.....
.......Zo..######.#.....
...........#......#.....
...........#......######
...........#............
####.......#............
#.(.....#............
#.......#..........).
.... #............


You could see Nergalle (drained) and 3 spectral orc knights.

Vanquished Creatures
  Fannar (D:11)
  A centaur warrior (D:11)
  3 death yaks (D:8)
  3 two-headed ogres
  A boulder beetle (D:10)
  2 ugly things
  Joseph (D:10)
  A gargoyle (D:9)
  A guardian mummy (D:10)
  4 trolls
  A hornet (D:9)
  Grinder (D:6)
  Sigmund (D:6)
  14 yaks (D:10)
  Grum (D:10)
  Menkaure (D:6)
  2 wargs (D:11)
  3 acid dragons
  2 orc warriors
  A black bear (D:6)
  2 ice beasts
  A sky beast (D:7)
  4 wolves (D:10)
  2 ogres (D:6)
  3 centaurs
  3 phantoms
  2 kobold brigands (D:8)
  6 bullfrogs
  Blork the orc (D:6)
  4 necrophages (D:4)
  A water moccasin zombie (D:4)
  9 wights
  15 killer bees
  7 howler monkeys
  A bullfrog zombie (D:4)
  A human zombie (D:4)
  3 jellies
  5 hounds
  A gnoll bouda (D:6)
  4 orc priests
  3 sleepcaps
  3 iguanas
  10 orc wizards
  3 hell rats (D:8)
  2 hound zombies
  12 gnolls
  3 adders
  A shadow imp (D:8)
  A white imp (D:5)
  2 ufetubi (D:5)
  3 adder zombies
  A worm (D:3)
  5 dart slugs
  38 orcs
  4 endoplasms
  2 giant cockroaches (D:2)
  6 goblins
  5 hobgoblins
  15 kobolds
  3 quokkas
  9 ball pythons
  4 bats
  2 frilled lizards (D:1)
  5 rats
262 creatures vanquished.

Notes
Turn   | Place    | Note
-------+----------+-------------------------------------------
     0 | D:1      | Dirian the Minotaur Berserker began the quest for the Orb.
     0 | D:1      | Reached XP level 1. HP: 19/19 MP: 0/0
   123 | D:1      | Reached skill level 4 in Long Blades
   123 | D:1      | Reached XP level 2. HP: 15/27 MP: 1/1
   404 | D:1      | Found a faded altar of an unknown god.
   953 | D:2      | Reached XP level 3. HP: 30/33 MP: 2/2
   991 | D:2      | Identified the +4 falchion of the Swamp {freeze, rCorr
                  | Dex+2 SInv Stlth-}
  1060 | D:2      | Reached ** piety under Trog
  1669 | D:3      | Reached skill level 5 in Long Blades
  1669 | D:3      | Reached XP level 4. HP: 40/41 MP: 3/3
  1743 | D:3      | Found a basalt altar of Yredelemnul.
  1934 | D:3      | Found a sparkling altar of Nemelex Xobeh.
  1999 | D:3      | Found a radiant altar of Vehumet.
  2041 | D:3      | Identified a scroll of acquirement
  2041 | D:3      | Acquired the ring "Jonis" {rCorr Str+6 Dex+2}
  2272 | D:4      | Noticed a phantom
  2280 | D:4      | Killed a phantom
  2281 | D:4      | Reached skill level 5 in Fighting
  2281 | D:4      | Reached skill level 6 in Long Blades
  2281 | D:4      | Reached XP level 5. HP: 48/48 MP: 4/4
  2425 | D:4      | Reached skill level 7 in Long Blades
  2425 | D:4      | Reached XP level 6. HP: 46/56 MP: 5/5
  2554 | D:4      | Reached skill level 8 in Long Blades
  2556 | D:4      | Found an ancient bone altar of Kikubaaqudgha.
  2570 | D:4      | Reached XP level 7. HP: 50/62 MP: 6/6
  2858 | D:4      | Reached skill level 9 in Long Blades
  3098 | D:5      | Entered Level 5 of the Dungeon
  3321 | D:5      | Reached *** piety under Trog
  3463 | D:5      | Found a staircase to the Ecumenical Temple.
  3713 | D:5      | Reached XP level 8. HP: 63/71 MP: 7/7
  3965 | D:6      | Reached skill level 10 in Long Blades
  3990 | D:6      | Noticed Grinder
  4009 | D:6      | Killed Grinder
  4118 | D:6      | Reached skill level 11 in Long Blades
  4131 | D:6      | Found Tief's Armour Boutique.
  4138 | D:6      | Noticed Sigmund
  4152 | D:6      | Killed Sigmund
  4208 | D:6      | Reached skill level 5 in Armour
  4240 | D:6      | Reached XP level 9. HP: 67/81 MP: 8/8
  4382 | D:6      | Noticed Blork the orc
  4390 | D:6      | Killed Blork the orc
  4430 | D:6      | Noticed Menkaure
  4434 | D:6      | Killed Menkaure
  4435 | D:6      | Reached skill level 12 in Long Blades
  4704 | D:6      | Found an ornate altar of the Wu Jian Council.
  5050 | D:7      | Reached **** piety under Trog
  5333 | D:7      | Found a broken altar of Ashenzari.
  5733 | D:8      | Found a hazy altar of Hepliaklqana.
  5895 | D:8      | Noticed an ice statue
  5958 | D:8      | Noticed a death yak
  5958 | D:8      | Noticed a death yak
  5961 | D:8      | Noticed a death yak
  5978 | D:8      | Killed a death yak
  5979 | D:8      | Reached skill level 13 in Long Blades
  5986 | D:8      | Killed a death yak
  5987 | D:8      | Reached skill level 10 in Fighting
  5987 | D:8      | Reached XP level 10. HP: 16/93 MP: 9/9
  6039 | D:8      | Killed a death yak
  6282 | D:8      | Found a staircase to the Lair.
  6389 | D:8      | Found a runed translucent gate.
  6390 | D:8      | Found a runed translucent gate.
  6391 | D:8      | Found a runed translucent gate.
  6392 | D:8      | Noticed Rayvis's ghost (novice MiFi)
  6501 | D:8      | Noticed a green death
  6502 | D:8      | Found a burning altar of Makhleb.
  6504 | D:8      | Found a glowing silver altar of Zin.
  6505 | D:8      | Noticed an angel
  6689 | D:8      | Reached skill level 14 in Long Blades
  7085 | D:9      | Found a snail-covered altar of Cheibriados.
  7094 | D:9      | Noticed a gargoyle
  7108 | D:9      | Killed a gargoyle
  7795 | D:9      | Found a staircase to the Orcish Mines.
  7807 | D:9      | Reached ***** piety under Trog
  7902 | D:9      | Found a shadowy altar of Dithmenos.
  8028 | D:10     | Entered Level 10 of the Dungeon
  8104 | D:10     | Reached skill level 10 in Armour
  8104 | D:10     | Reached XP level 11. HP: 101/102 MP: 10/10
  8288 | D:10     | Noticed a +0 dagger
  8288 | D:10     | Noticed a +0 dagger
  8292 | D:10     | Found a hide-covered altar of Uskayaw.
  8311 | D:10     | Reached skill level 15 in Long Blades
  8386 | D:10     | Noticed a two-headed ogre
  8391 | D:10     | Killed a two-headed ogre
  8587 | D:10     | Noticed a two-headed ogre
  8595 | D:10     | Killed a two-headed ogre
  8754 | D:10     | Found Yklaryom's Vocational Training.
  8891 | D:10     | Noticed Joseph
  8910 | D:10     | Killed Joseph
  9120 | D:10     | Found the +18 Lear's hauberk
  9120 | D:10     | Noticed Grum
  9121 | D:10     | Found a portal to a secret trove of treasure.
  9137 | D:10     | Killed Grum
  9224 | D:11     | Noticed a two-headed ogre
  9227 | D:11     | Killed a two-headed ogre
  9257 | D:11     | Noticed Fannar
  9283 | D:11     | Killed Fannar
  9284 | D:11     | Reached skill level 16 in Long Blades
  9396 | D:11     | Noticed a cyan ugly thing
  9396 | D:11     | Noticed a purple ugly thing
  9396 | D:11     | Noticed a centaur warrior
  9396 | D:11     | Noticed a boulder beetle
  9426 | D:10     | Killed a purple ugly thing
  9437 | D:10     | Killed a boulder beetle
  9458 | D:11     | Killed a centaur warrior
  9508 | D:11     | Reached XP level 12. HP: 118/118 MP: 11/11
  9548 | D:11     | Identified the staff of conjuration "Doclakh" {rC+ rN+
                  | Str+3}
  9709 | D:11     | Noticed Nergalle
  9729 | D:11     | HP: 1/153 [Nergalle/bolt of negative energy (29)]
  9729 | D:11     | Mangled by a spectral orc knight

Illustrated notes

Levels and vault maps discovered:
D:1:      dpeg_arrival_tiny_j, layout_rooms,
          hellmonk_ecumenical_altar_arch_garden
D:2:      layout_basic
D:3:      layout_basic, nicolae_vehumet_radiance,
          lemuel_zombie_altar_yredelemnul, mainiacjoe_overflow_surrounded_room,
          serial_glass, glass_columns_a, glass_columns_b, glass_columns_a,
          glass_columns_b
D:4:      layout_basic, lemuel_mausoleum_altar_kikubaaqudgha
D:5:      layout_gridville, minmay_temple_entry_glass
D:6:      layout_basic, nicolae_wu_jian_immortal_techniques, serial_shops,
          kennysheep_mini_moat, chequers_jeans, small_statue_intersection,
          uniq_grinder, uniq_blork_the_orc, uniq_menkaure, uniq_sigmund
D:7:      layout_cave_pools, nicolae_ashenzari_skybound,
          nicolae_figureground_sparkle
D:8:      minmay_statue_hallways, layout_loops_cross, old_standard_altar,
          grunt_temple_overflow_order_and_chaos_2, dpeg_lair_monsters,
          gammafunk_ghost_spectres
D:9:      layout_rooms, overflow_temple_1_default, mainiacjoe_overflow_alcove_2,
          minmay_orc_entry_temple_small
D:10:     layout_loops_corners, dancing_weapons_uskayaw,
          nicolae_trove_entry_path_of_doom, nicolae_shop_vocational,
          uniq_joseph, uniq_grum
D:11:     lemuel_castle_with_subvaults [lemuel_castle_interior_carwin_1],
          layout_irregular_city, minmay_radiant, uniq_fannar, uniq_nergalle

Skill      XL: |  1  2  3  4  5  6  7  8  9 10 11 |
---------------+----------------------------------+-----
Fighting       | 4 5 6 8 10 11 14 | 14.9
Long Blades    | 4 5 6 7 8 9 11 13 14 16 | 16.0
Armour         | 3 5 7 10 | 10.0
Dodging        | |  2.1
Evocations     | |  0.4

Action                     |  1- 3 |  4- 6 |  7- 9 | 10-12 || total
---------------------------+-------+-------+-------+-------++-------
  Melee: Falchion          |    93 |    68 |   235 |    21 ||   417
         Headbutt          |    17 |    16 |    46 |    75 ||   154
         Punch             |       |       |     5 |     4 ||     9
         Scimitar          |       |       |       |   327 ||   327
 Invoke: Berserk           |       |       |     5 |     3 ||     8
         Trog's Hand       |       |       |     3 |     7 ||    10
  Evoke: Wand              |       |     2 |       |       ||     2
    Use: Scroll            |       |    11 |     2 |     2 ||    15
         Potion            |       |       |       |     5 ||     5
   Stab: Paralysed         |       |     3 |       |       ||     3
         Invisible         |       |       |       |     3 ||     3
 Armour: Animal skin       |    18 |    14 |    12 |       ||    44
         Leather armour    |       |       |     4 |       ||     4
         Scale mail        |       |       |    11 |       ||    11
         Chain mail        |       |       |    15 |   116 ||   131
  Dodge: Dodged            |    54 |    21 |   144 |   258 ||   477
